 Dungeon Crawl Stone Soup version 0.20.1-1-g8b1a95d (webtiles) character file.

55 Duckley the Shield-Bearer (level 3, -1/23 HPs)
             Began as a Gargoyle Fighter on July 18, 2017.
             Slain by Duckley's ghost (2 damage)
             ... on level 3 of the Dungeon.
             The game lasted 00:06:16 (1552 turns).

Duckley the Shield-Bearer (Gargoyle Fighter)        Turns: 1552, Time: 00:06:16

Health: -1/23      AC: 12    Str: 20    XL:     3   Next: 93%
Magic:  3/3        EV:  7    Int:  8    God:
Gold:   74         SH:  9    Dex:  9    Spells: 2/2 levels left

rFire    . . .     SeeInvis .   a - +0 flail
rCold    . . .     Gourm    .   c - +0 shield
rNeg     + . .     Faith    .   b - +0 scale mail
rPois    ∞         Spirit   .   j - +0 helmet
rElec    +         Reflect  .   (no cloak)
rCorr    .         Harm     .   (no gloves)
MR       .....                  (no boots)
Stlth    ..........             (no amulet)
Regen    0.1/turn               i - +1 ring of protection
MPRegen  0.1/turn               (no ring)

@: no status effects
A: negative energy resistance 1, electricity resistance, unbreathing,
petrification resistance, rot immunity, AC +3
a: no special abilities


You were on level 3 of the Dungeon.
You were near starving.

You visited 1 branch of the dungeon, and saw 3 of its levels.

You collected 74 gold pieces.

Inventory:

Hand Weapons
 a - a +0 flail (weapon)
 m - a +0 dagger
 t - a +0 dagger
 u - a +0 hand axe
 x - a +0 trident
Missiles
 k - 12 arrows
Armour
 b - a +0 scale mail (worn)
 c - a +0 shield (worn)
 j - a +0 helmet (worn)
 l - a +0 leather armour
 p - a +1 hat
 r - a +0 ring mail
Jewellery
 i - a +1 ring of protection (left hand)
Scrolls
 e - a scroll of noise {unknown}
 n - a scroll of fear {unknown}
 q - a scroll of immolation {unknown}
 v - a scroll of identify {unknown}
 y - a scroll of recharging {unknown}
Potions
 d - a potion of might
 g - a potion of resistance {unknown}
 o - 2 potions of invisibility {unknown}
 w - a potion of mutation {unknown}
 z - a potion of cancellation {unknown}
Comestibles
 f - 3 bread rations
 h - 2 royal jellies
 s - 3 meat rations


   Skills:
 + Level 3.6 Fighting
 + Level 2.7 Maces & Flails
 + Level 3.5 Armour
 + Level 0.1 Dodging
 + Level 4.1 Shields


You had 2 spell levels left.
You didn't know any spells.

Dungeon Overview and Level Annotations

Branches:
Dungeon (3/15)

Altars:

Annotations:
D:3 Duckley's ghost, weakling DrBe


Innate Abilities, Weirdness & Mutations

You are resistant to torment.
Your stone body is resilient. (AC +3)
You are immune to poison.
You resist negative energy. (rN+)
You are resistant to electric shocks. (rElec)
You can survive without breathing.
You are immune to petrification.
You are immune to rotting.


Message History

Duckley's ghost barely misses you.
You hit Duckley's ghost but do no damage.
Duckley's ghost is moderately damaged.
Duckley's ghost barely misses you.
Duckley's ghost ripples.
Duckley's ghost hits you.
You miss Duckley's ghost.
Duckley's ghost is moderately damaged.
You block Duckley's ghost's attack.
You closely miss Duckley's ghost.
Duckley's ghost is moderately damaged.
You block Duckley's ghost's attack.
You hit Duckley's ghost.
Duckley's ghost is heavily damaged.
Duckley's ghost hits you but does no damage.
Duckley's ghost hits you.
* * * LOW HITPOINT WARNING * * *
Duckley's ghost yells, "Who would have thought, even in death it is a pleasure to sever!"
Duckley's ghost hits you.
You die...

#.# ###.# ..#.#
#.#.# # ##.
#.#.#####.#
...#.#.......#
#..#?#........
#..#..@...##[#
#.#.W).#.....
#####..<......#.#
........##..#.#.#
######..# ..# #.#
##.###.# #.#####
#..# .# #.....#
#..####.#.###.#
#.......#.# #.#


You could see Duckley's ghost.

Vanquished Creatures
  An ooze (D:2)
  A worm (D:2)
  2 dart slugs (D:1)
  An orc (D:3)
  5 giant cockroaches (D:1)
  5 goblins
  2 hobgoblins
  9 jackals
  3 kobolds
  A ball python (D:1)
  4 bats
  A frilled lizard (D:2)
  2 rats (D:1)
37 creatures vanquished.

Notes
Turn   | Place    | Note
-------+----------+-------------------------------------------
     0 | D:1      | Duckley the Gargoyle Fighter began the quest for the Orb.
     0 | D:1      | Reached XP level 1. HP: 14/14 MP: 1/1
   200 | D:1      | Reached XP level 2. HP: 18/19 MP: 2/2
   462 | D:1      | Reached XP level 3. HP: 18/23 MP: 3/3
   695 | D:2      | Reached skill level 4 in Shields
  1525 | D:3      | Noticed Duckley's ghost (weakling DrBe)
  1550 | D:3      | HP: 1/23 [Duckley's ghost (6)]
  1552 | D:3      | Slain by Duckley's ghost

Skill      XL: |  1  2  3 |
---------------+----------+-----
Shields        | 4 |  4.1
Fighting       | |  3.6
Maces & Flails | |  2.7
Armour         | |  3.5
Dodging        | |  0.1

Action                   || total
-------------------------++-------
Melee: Flail             ||   157
  Eat: Chunk             ||     1
Armor: Scale mail        ||   149
Dodge: Dodged            ||    80
Block: Shield            ||   129
